 Dungeon Crawl Stone Soup version 0.31.0-11-ge490571c62 (webtiles) character file.

Game seed: 9062569984676762634

26427 DildoBatman the Fighter (level 13, -8/107 (108) HPs)
             Began as a Formicid Conjurer on Feb 10, 2024.
             Was an Initiate of Gozag.
             Mangled by a cane toad (21 damage)
             ... on level 3 of the Lair of Beasts.
             The game lasted 01:10:10 (14066 turns).

DildoBatman the Fighter (Formicid Conjurer)        Turns: 14066, Time: 01:10:11

HP:   -8/107 (108)  AC:  7    Str: 12      XL:     13   Next: 58%
MP:   15/24         EV: 23    Int: 23      God:    Gozag
Gold: 1526          SH:  0    Dex:  8 (12) Spells: 10/27 levels left

rFire   + . .        w - +4 scimitar (flame)
rCold   + . .        (no shield)
rNeg    . . .        Z - +0 troll leather armour
rPois   .            (helmet unavailable)
rElec   .            d - scarf {rC+ rF+}
rCorr   .            f - +0 pair of gloves
SInv    +            N - +0 pair of boots
Will    +....        (no amulet)
Stlth   ++           T - +5 ring of evasion
HPRegen 1.17/turn    j - +5 ring of evasion
MPRegen 0.19/turn

%: no passive effects
@: lethally poisoned (-8 -> -8), lightly drained
A: permanent stasis, dig shafts and tunnels, antennae 3, four strong arms
a: Dig, Shaft Self, Renounce Religion, Potion Petition, Call Merchant, Bribe
Branch


You were on level 3 of the Lair of Beasts.
You worshipped Gozag.
Gozag was most pleased with you.
You visited 3 branches of the dungeon, and saw 14 of its levels.

You collected 1701 gold pieces.
You paid 175 gold pieces to Gozag.

Inventory:

Hand Weapons
 a - a +4 scimitar of freezing
 c - a +0 orcbow
 e - a +2 vampiric halberd
 w - a +4 scimitar of flaming (weapon)
Missiles
 i - 28 poisoned darts (quivered)
 k - 5 silver javelins
 p - a curare-tipped dart
 I - a throwing net
Armour
 d - a scarf of resistance (worn)
 f - a +0 pair of gloves (worn)
 t - +0 swamp dragon scales
 N - a +0 pair of boots (worn)
 Z - a +0 troll leather armour (worn)
Magical Staves
 O - a staff of fire
 P - a staff of air
 U - a staff of earth
Jewellery
 j - a +5 ring of evasion (right hand)
 q - a ring of protection from fire
 u - a ring of protection from fire
 A - a ring of resist corrosion
 Q - a ring of wizardry
 T - a +5 ring of evasion (left hand)
Talismans
 V - a granite talisman
Wands
 b - a wand of paralysis (4)
 r - a wand of digging (1)
 s - a wand of mindburst (14)
 y - a wand of roots (22)
 G - a wand of light (27)
Scrolls
 x - a scroll of poison
 z - 3 scrolls of identify
 E - a scroll of immolation {unknown}
 F - a scroll of blinking {unknown}
 J - a scroll of fog {unknown}
 K - 3 scrolls of enchant weapon
 R - 5 scrolls of teleportation {unknown}
 Y - a scroll of torment {unknown}
Potions
 g - 2 potions of resistance {unknown}
 h - 3 potions of brilliance
 l - a potion of invisibility {unknown}
 m - a potion of enlightenment {unknown}
 n - 3 potions of cancellation {unknown}
 o - 2 potions of lignification {unknown}
 v - 4 potions of ambrosia
 B - 3 potions of curing
 C - a potion of haste {unknown}
 D - a potion of mutation {unknown}
 H - a potion of magic
 M - 2 potions of attraction {unknown}
 W - 3 potions of might {unknown}


   Skills:
 - Level 12.0 Fighting
 - Level 12.0 Armour
 - Level 7.0 Dodging
 - Level 3.0 Stealth
 * Level 7.7 Spellcasting
 - Level 6.0 Conjurations
 - Level 10.0 Necromancy
 - Level 3.0 Air Magic
 - Level 3.0 Alchemy


You had 10 spell levels left.
You knew the following spells:

 Your Spells              Type           Power      Damage    Failure   Level
a - Searing Ray           Conj           72%        2d7       1%          2
b - Dispel Undead         Necr           53%        3d19      1%          4
c - Magic Dart            Conj           100%       1d8       1%          1
d - Cigotuvi's Dreadful   Necr/Alch/Air  66%        N/A       1%          2
e - Fugue of the Fallen   Necr           53%        N/A       1%          3
f - Curse of Agony        Necr           53%        N/A       3%          5

Your spell library contained the following spells:

 Spells                   Type           Power      Damage    Failure   Level
 Kiss of Death            Conj/Necr      100%       2d13      1%          1
 Necrotise                Necr           100%       1d9       1%          1
 Hailstorm                Conj/Ice       22%        3d7       8%          3
 Summon Small Mammal      Summ           32%        N/A       9%          1
 Anguish                  Hex/Necr       15%        N/A       11%         4
 Martyr's Knell           Necr/Summ      31%        N/A       11%         4
 Call Imp                 Summ           16%        N/A       13%         2
 Fulminant Prism          Conj/Alch      14%        3d8       13%         4
 Iskenderun's Battlesphe  Conj           36%        2d9       21%         5
 Brom's Barrelling Bould  Conj/Erth      22%        2d4       24%         4
 Iskenderun's Mystic Bla  Conj/Tloc      22%        2d6       24%         4
 Call Canine Familiar     Summ           8%         N/A       26%         3
 Summon Ice Beast         Ice/Summ       8%         N/A       26%         3
 Volatile Blastmotes      Fire/Tloc      16%        2d11      26%         3
 Fireball                 Conj/Fire      11%        3d7       56%         5
 Summon Blazeheart Golem  Fire/Summ      8%         N/A       63%         4
 Conjure Ball Lightning   Conj/Air       14%        3x3d6     90%         6
 Summon Mana Viper        Hex/Summ       8%         N/A       93%         5
 Orb of Destruction       Conj           18%        9d8       99%         7
 Sculpt Simulacrum        Ice/Alch       7%         N/A       100%        6
 Monstrous Menagerie      Summ           4%         N/A       100%        7
 Discord                  Hex            4%         N/A       100%        8
 Disjunction              Tloc           4%         N/A       100%        8
 Blink                    Tloc           Unusable   N/A       N/A         2

Dungeon Overview and Level Annotations

Branches:
Dungeon (10/15)            Temple (1/1) D:7            Lair (3/5) D:10
 Spider (0/4) Lair:2
  Swamp: Lair:2-3    Shoals: Lair:2-3       Orc: D:9-12

Altars:
Ashenzari
Cheibriados
Dithmenos
Elyvilon
Fedhas
Gozag
Hepliaklqana
Kikubaaqudgha
Makhleb
Nemelex Xobeh
Okawaru
Qazlal
Ru
Sif Muna
Trog
Uskayaw
Vehumet
Wu Jian
Xom
Yredelemnul
Zin
The Shining One

Shops:
D:3 =

Annotations:
D:10 Erolcha


Innate Abilities, Weirdness & Mutations

You cannot be hasted, slowed, berserked, paralysed or teleported.
You can dig through walls and to a lower floor.
You have a pair of large antennae on your head. (SInv)
Your four strong arms can wield two-handed weapons with a shield.


Message History

The cane toad poisons you!
You hit the cane toad but do no damage.
The cane toad is lightly wounded.
You feel extremely sick. The cane toad completely misses you.
Casting: Searing Ray (safe; 1% risk of failure)
Confirm with . or Enter, or press ? or * to list all spells.
Aiming: Searing Ray (safe; 1% risk of failure)
Press: ? - help, Shift-Dir - straight line, f - cane toad
Aim: a cane toad (lightly wounded, 83% to hit)
The searing ray hits the cane toad.
The cane toad is moderately wounded. (Press . to maintain the ray.)
You feel very sick. The cane toad completely misses you.
The searing ray hits the cane toad.
The cane toad is moderately wounded.
You feel very sick. The cane toad misses you. The cane toad stings you.
The searing ray misses the cane toad.
You feel very sick. The cane toad stings you!!
The searing ray hits the cane toad.
The cane toad is heavily wounded.
You finish channelling your searing ray.
You feel sick. The cane toad closely misses you.
Casting: Searing Ray (safe; 1% risk of failure)
Confirm with . or Enter, or press ? or * to list all spells.
Aiming: Searing Ray (safe; 1% risk of failure)
Press: ? - help, Shift-Dir - straight line, f/p - cane toad
Aim: a cane toad (heavily wounded, 83% to hit)
The searing ray hits the cane toad.
The cane toad is heavily wounded. (Press . to maintain the ray.)
You feel sick. The cane toad stings you!!
You die...
Your body crumbles into a pile of gold.

P. ...# .....# .......#.
.........##### .......?...P#@#
F...........F## ###
..............# ###.###
..............#### #.....#####
.................###.....#...#
..............................
(........)...(...............#
....!......#.................#
<.....................<..)....


You could see a cane toad.

Vanquished Creatures
  2 hydras (Lair:2)
  2 catoblepae (Lair:2)
  Erica (D:8)
  Amaemon (Lair:2)
  Pikel (D:4)
  9 elephants (Lair:2)
  A black mamba (Lair:2)
  A meliai (Lair:1)
  An orange demon (Lair:2)
  6 cane toads
  6 komodo dragons
  A queen bee (D:10)
  3 trolls
  A polar bear (Lair:1)
  7 blink frogs
  32 yaks
  2 wyverns (D:10)
  Eustachio (D:5)
  A wraith (D:9)
  A steam dragon (D:9)
  4 basilisks
  7 water moccasins
  A cane toad zombie (Lair:1)
  A sky beast (D:6)
  2 black bears
  3 orc warriors
  2 blink frog zombies
  2 ice beasts (D:8)
  An ogre (D:5)
  An elephant zombie (Lair:2)
  4 lemures
  11 wolves (Lair:1)
  3 phantoms
  2 kobold brigands
  7 bullfrogs
  2 water moccasin zombies
  3 scorpions
  A yak zombie (D:10)
  A burial acolyte (D:8)
  14 wights
  26 killer bees
  An electric eel (Lair:2)
  5 howler monkeys
  2 hounds
  2 gnoll boudas
  2 jellies
  6 orc priests
  An iguana (D:6)
  10 orc wizards
  A killer bee zombie (Lair:1)
  2 hound zombies (D:8)
  Robin (D:4)
  17 gnolls
  5 adders
  3 shadow imps
  An adder zombie (D:8)
  2 ribbon worms
  6 dart slugs
  22 orcs
  3 ball pythons
  2 endoplasms
  7 giant cockroaches
  10 hobgoblins
  14 jackals
  10 kobolds
  3 quokkas
  7 bats
  A frilled lizard (D:2)
  2 gnoll zombies (D:8)
  16 goblins
  2 kobold zombies (D:8)
  6 rats (D:1)
350 creatures vanquished.

Vanquished Creatures (others)
  An orc wizard (D:7)
1 creature vanquished.

Grand Total: 351 creatures vanquished

Notes
Turn   | Place    | Note
-------+----------+-------------------------------------------
     0 | D:1      | DildoBatman the Formicid Conjurer began the quest for the
                  | Orb.
     0 | D:1      | Reached XP level 1. HP: 13/13 MP: 3/3
   161 | D:1      | Reached XP level 2. HP: 20/20 MP: 5/5
   164 | D:1      | Learned a level 2 spell: Searing Ray
   616 | D:2      | Reached skill level 1 in Fighting
   642 | D:2      | Reached XP level 3. HP: 23/26 MP: 4/6
   713 | D:2      | Reached skill level 1 in Armour
   831 | D:2      | Reached XP level 4. HP: 32/32 MP: 0/7
  1369 | D:3      | Found Nuecet's Jewellery Shop.
  1444 | D:3      | Reached XP level 5. HP: 33/38 MP: 6/9
  1853 | D:3      | Found a stormy altar of Qazlal.
  2062 | D:3      | Found a faded altar of an unknown god.
  2501 | D:4      | Noticed a lemure
  2555 | D:4      | Reached XP level 6. HP: 46/46 MP: 1/11
  2619 | D:4      | Identified the +2 chain mail of Indemnity {rCorr Str+7
                  | Int+2 Dex-3}
  2727 | D:4      | Noticed Pikel
  2803 | D:4      | Noticed Robin
  2819 | D:5      | Entered Level 5 of the Dungeon
  2880 | D:5      | Noticed Eustachio
  3118 | D:5      | Noticed an ogre
  3360 | D:5      | Reached XP level 7. HP: 52/52 MP: 10/13
  3377 | D:5      | Reached skill level 5 in Conjurations
  3850 | D:6      | Reached skill level 5 in Spellcasting
  4094 | D:8      | Reached XP level 8. HP: 42/58 MP: 3/16
  4102 | D:8      | Found a burning altar of Makhleb.
  4348 | D:7      | Found a shimmering blue altar of Sif Muna.
  4753 | D:8      | Found an ancient bone altar of Kikubaaqudgha.
  4757 | D:8      | Became a worshipper of Kikubaaqudgha
  4806 | D:8      | Noticed Erica
  5037 | D:6      | Reached XP level 9. HP: 67/67 MP: 12/18
  5039 | D:6      | Found a glowing golden altar of the Shining One.
  5106 | D:6      | Reached skill level 5 in Fighting
  5106 | D:6      | Reached skill level 5 in Armour
  5141 | D:6      | Found a broken altar of Ashenzari.
  5280 | D:4      | Killed Robin
  5298 | D:4      | Reached * piety under Kikubaaqudgha
  5298 | D:4      | Received a gift from Kikubaaqudgha
  5422 | D:4      | Killed Pikel
  5633 | D:5      | Killed Eustachio
  6159 | D:7      | Reached XP level 10. HP: 77/77 MP: 6/19
  6205 | D:7      | Found a basalt altar of Yredelemnul.
  6234 | D:7      | Reached skill level 5 in Dodging
  6408 | D:7      | Reached ** piety under Kikubaaqudgha
  6465 | D:7      | Found a staircase to the Ecumenical Temple.
  6590 | Temple   | Entered the Ecumenical Temple
  6654 | D:8      | Found a hazy altar of Hepliaklqana.
  6913 | D:8      | Killed Erica
  6960 | D:8      | Found a blossoming altar of Fedhas.
  7790 | D:9      | Reached XP level 11. HP: 77/87 MP: 17/20
  7815 | D:9      | Reached *** piety under Kikubaaqudgha
  7815 | D:9      | Received a gift from Kikubaaqudgha
  7961 | Temple   | Fell from the grace of Kikubaaqudgha
  7961 | Temple   | Became a worshipper of Gozag Ym Sagoz the Greedy
  8546 | D:10     | Entered Level 10 of the Dungeon
  8564 | D:10     | Noticed a two-headed ogre
  8614 | D:10     | Reached skill level 10 in Fighting
  8625 | D:9      | Reached skill level 10 in Armour
  8887 | D:10     | Reached skill level 1 in Necromancy
  9307 | D:10     | Learned a level 4 spell: Dispel Undead
  9456 | D:10     | Noticed Erolcha
  9580 | D:10     | Found a staircase to the Lair.
  9843 | Lair:1   | Entered Level 1 of the Lair of Beasts
 10210 | D:10     | Reached skill level 5 in Necromancy
 10624 | Lair:1   | Reached XP level 12. HP: 73/79 MP: 9/21
 11240 | Lair:1   | Identified the +0 robe "Mora" {rC+ Dex+3}
 11847 | Lair:2   | Noticed Amaemon
 12292 | Lair:2   | Noticed a catoblepas
 12311 | Lair:2   | Killed a catoblepas
 12395 | Lair:2   | Noticed a catoblepas
 12581 | Lair:2   | Killed a catoblepas
 12587 | Lair:2   | Learned a level 2 spell: Cigotuvi's Dreadful Rot
 12593 | Lair:2   | Learned a level 3 spell: Fugue of the Fallen
 12599 | Lair:2   | Learned a level 5 spell: Curse of Agony
 12737 | Lair:2   | Reached XP level 13. HP: 103/104 MP: 20/23
 12818 | Lair:2   | Reached skill level 1 in Alchemy
 12924 | Lair:2   | Reached skill level 1 in Air Magic
 12999 | Lair:2   | Reached skill level 10 in Necromancy
 13030 | Lair:2   | Noticed an eight-headed hydra
 13371 | Lair:2   | Killed Amaemon
 13423 | Lair:2   | Found a hole to the Spider Nest.
 13596 | Lair:2   | Noticed a four-headed hydra
 13606 | Lair:2   | Killed a one-headed hydra
 13693 | Lair:2   | Killed a five-headed hydra
 14066 | Lair:3   | Mangled by a cane toad

Illustrated notes

Levels and vault maps discovered:
D:1:      minmay_arrival_shattered_statue, layout_rooms, serial_curves,
          eino_curves_02, eino_curves_04, reono_crystal_passage,
          chequers_hall_statues_y, hangedman_decor_points
D:2:      layout_basic
D:3:      layout_loops_corners, nicolae_qazlal_general_emergency,
          shapermc_ecumenical_altar_hornbeckon, serial_shops,
          nicolae_shop_gaudy_bauble, chequers_serial_rivers_small_b
D:4:      layout_rooms, uniq_robin, uniq_pikel
D:5:      layout_cave_pools, uniq_eustachio
D:6:      layout_rooms, mainiacjoe_overflow_small_starburst,
          nicolae_ashenzari_skybound
D:7:      layout_rooms, mainiacjoe_overflow_large_starburst,
          minmay_temple_entry_purple_smoke, grunt_decor_mini_mirrors
D:8:      layout_rooms, regret_index_kikubaaqudgha_part_by_part,
          mainiacjoe_overflow_concentric_impassable, general_overflow_altar,
          mainiacjoe_overflow_24_doors, uniq_erica
D:9:      layout_roguey, hangedman_decor_push
D:10:     layout_long_grid, david_lair_generic, uniq_erolcha
Temple:   nicolae_temple_bog_church
Lair:1:   layout_hall_layers, special_room [special_room_bee],
          beast_lair_carwin_6
Lair:2:   layout_hall_layers, hellmonk_spider_entry_not_the_bees,
          serial_bayou_ford_a, uniq_amaemon
Lair:3:   layout_cave_shapes, minmay_shoals_entry_centaurs, grunt_megastairs_3

Skill      XL: |  1  2  3  4  5  6  7  8  9 10 11 12 13 |
---------------+----------------------------------------+-----
Dodging        | 2 3 4 6 7 |  7.0
Fighting       | 1 2 3 4 6 8 10 11 12 | 12.0
Armour         | 1 2 3 4 6 8 10 11 12 | 12.0
Stealth        | 3 |  3.0
Conjurations   | 4 5 6 |  6.0
Spellcasting   | 3 4 5 6 7 |  7.7
Necromancy     | 6 9 10 | 10.0
Alchemy        | 3 |  3.0
Air Magic      | 3 |  3.0

Action                     |  1- 3 |  4- 6 |  7- 9 | 10-12 | 13-15 || total
---------------------------+-------+-------+-------+-------+-------++-------
  Melee: Dagger            |    26 |       |    17 |    29 |       ||    72
         Mace              |     4 |   111 |       |       |       ||   115
         Punch             |       |     1 |       |    12 |       ||    13
         Falchion          |       |     2 |    46 |       |       ||    48
         Scimitar          |       |       |       |   558 |   181 ||   739
         Halberd           |       |       |       |       |     8 ||     8
   Fire: Orcbow            |       |       |       |    24 |       ||    24
  Throw: Dart              |       |       |     2 |       |       ||     2
   Cast: Magic Dart        |    32 |    66 |    47 |    69 |    11 ||   225
         Searing Ray       |     2 |    15 |    55 |    96 |    14 ||   182
         Dispel Undead     |       |       |       |     5 |     5 ||    10
         Cigotuvi's Dreadf |       |       |       |     1 |     4 ||     5
         Curse of Agony    |       |       |       |       |     6 ||     6
         Fugue of the Fall |       |       |       |       |     1 ||     1
Ability: Dig               |       |       |     1 |     2 |     3 ||     6
    Use: Scroll            |       |     6 |     3 |     2 |       ||    11
         Potion            |       |       |     1 |     5 |       ||     6
   Stab: Sleeping          |     2 |     1 |       |       |       ||     3
         Distracted        |       |       |       |     1 |     1 ||     2
 Armour: Robe              |    14 |    56 |    24 |       |       ||    94
         Swamp dragon scal |       |     1 |   129 |    50 |     7 ||   187
         Troll leather arm |       |       |       |   331 |   147 ||   478
  Dodge: Dodged            |    34 |   165 |   267 |  1247 |   347 ||  2060
